 Dungeon Crawl Stone Soup version 0.27.0-1-g7a089689b8 (webtiles) character file.

Game seed: 10320084520383139098

25 garrulousMonolith the Sneak (level 3, -4/25 HPs)
             Began as a Gnoll Enchanter on Aug 13, 2021.
             Slain by a worm (11 damage)
             ... on level 2 of the Dungeon.
             The game lasted 00:01:47 (1112 turns).

garrulousMonolith the Sneak (Gnoll Enchanter)       Turns: 1112, Time: 00:01:47

Health: -4/25      AC:  2    Str:  7    XL:     3   Next: 6%
Magic:  2/9        EV: 13    Int: 15    God:
Gold:   70         SH:  0    Dex: 12    Spells: 6/12 levels left

rFire    . . .     SeeInvis .   a - +1 dagger
rCold    . . .     Faith    .   (no shield)
rNeg     . . .     Spirit   .   b - +0 robe
rPois    .         Reflect  .   (no helmet)
rElec    .         Harm     .   (no cloak)
rCorr    .         Rampage  .   (no gloves)
Will     .....                  (no boots)
Stlth    +++.......             (no amulet)
HPRegen  0.08/turn              (no ring)
MPRegen  0.11/turn              (no ring)

@: no status effects
A: fangs 1, strong nose, distributed training
a: no special abilities


You were on level 2 of the Dungeon.
You visited 1 branch of the dungeon, and saw 2 of its levels.

You collected 70 gold pieces.

Inventory:

Hand Weapons
 a - a +1 dagger (weapon)
Armour
 b - a +0 robe (worn)
Scrolls
 d - a scroll of magic mapping
 e - a scroll of vulnerability {unknown}
 g - a scroll of fog {unknown}
 h - a scroll of identify {unknown}
Potions
 c - a potion of curing {unknown}
 f - a potion of cancellation {unknown}


   Skills:
 + Level 0.6 Fighting
 + Level 2.5 Short Blades
 + Level 0.6 Long Blades
 + Level 0.6 Axes
 + Level 0.6 Maces & Flails
 + Level 0.6 Polearms
 + Level 0.6 Staves
 + Level 0.6 Slings
 + Level 0.6 Bows
 + Level 0.6 Crossbows
 + Level 0.6 Throwing
 + Level 0.6 Armour
 + Level 4.5 Dodging
 + Level 5.9 Stealth
 + Level 0.6 Shields
 + Level 0.6 Unarmed Combat
 + Level 5.0 Spellcasting
 + Level 0.4 Conjurations
 + Level 5.4 Hexes
 + Level 0.4 Summonings
 + Level 0.4 Necromancy
 + Level 0.4 Translocations
 + Level 0.4 Transmutations
 + Level 0.4 Fire Magic
 + Level 0.4 Ice Magic
 + Level 0.4 Air Magic
 + Level 0.4 Earth Magic
 + Level 0.4 Poison Magic
 + Level 0.8 Invocations
 + Level 0.6 Evocations


You had 6 spell levels left.
You knew the following spells:

 Your Spells              Type           Power      Damage    Failure   Level
a - Corona                Hex            21%        N/A       1%          1
b - Ensorcelled Hibernat  Hex/Ice        24%        N/A       8%          2
c - Confusing Touch       Hex            19%        N/A       5%          3

Your spell library contained the following spells:

 Spells                   Type           Power      Damage    Failure   Level
 Tukima's Dance           Hex            19%        N/A       5%          3
 Dazzling Flash           Conj/Hex       24%        N/A       14%         3


Dungeon Overview and Level Annotations

Branches:
Dungeon (2/15)

Altars:


Innate Abilities, Weirdness & Mutations

You have very sharp teeth.
Your uncanny sense of smell can sniff out nearby items.
Your experience applies equally to all skills.


Message History

The bat hits you but does no damage. The worm bites you.
You hit the worm.
The worm is moderately wounded.
You hit the worm.
The worm is moderately wounded.
The bat hits you but does no damage. The bat hits you. The worm bites you.
You are too injured to fight recklessly!
You are too injured to fight recklessly!
Casting: Ensorcelled Hibernation (safe; 8% risk of failure)
Confirm with . or Enter, or press ? or * to list all spells.
Aiming: Ensorcelled Hibernation (safe; 8% risk of failure)
Press: ? - help, Shift-Dir - straight line, f/p - bat
Aim: a bat (chance to affect: 61%)
The bat resists with significant effort.
The bat hits you but does no damage. The bat completely misses you.
You hit the bat.
The bat is moderately wounded.
The bat hits you but does no damage. The worm closely misses you.
You hit the bat.
The bat is severely wounded.
The bat hits you. The worm bites you!
* * * LOW HITPOINT WARNING * * *
The bat barely misses you.
Casting: Ensorcelled Hibernation (safe; 8% risk of failure)
Confirm with . or Enter, or press ? or * to list all spells.
Aiming: Ensorcelled Hibernation (safe; 8% risk of failure)
Press: ? - help, Shift-Dir - straight line, f/p - bat
Aim: a bat (severely wounded, chance to affect: 61%)
The bat looks drowsy...
The helpless bat fails to defend itself.
You impale the bat!!
You kill the bat!
Your Spellcasting skill increases to level 5!
Casting: Ensorcelled Hibernation (safe; 8% risk of failure)
Confirm with . or Enter, or press ? or * to list all spells.
Aiming: Ensorcelled Hibernation (safe; 8% risk of failure)
Press: ? - help, Shift-Dir - straight line, f - worm
Aim: a worm (chance to affect: 51%)
The worm resists with some effort.
The worm bites you!
You die...

#......# #......#
#......# #.......
..# #......# ..##
#......# ..#
#.....†#####.##
######w#......##
#@........###
#...........##
#............####
#................
#..........#..###
#.)........# .#
##........###..#
##.............###
#..........##.....


You could see a worm.

Vanquished Creatures
  4 endoplasms
  A giant cockroach (D:2)
  2 goblins
  3 hobgoblins (D:1)
  3 kobolds
  2 quokkas (D:1)
  3 ball pythons
  2 bats
  A frilled lizard (D:2)
  A rat (D:1)
22 creatures vanquished.

Notes
Turn   | Place    | Note
-------+----------+-------------------------------------------
     0 | D:1      | garrulousMonolith the Gnoll Enchanter began the quest for
                  | the Orb.
     0 | D:1      | Reached XP level 1. HP: 13/13 MP: 6/6
   151 | D:1      | Reached XP level 2. HP: 19/19 MP: 7/7
   254 | D:1      | Learned a level 2 spell: Ensorcelled Hibernation
   430 | D:1      | Found a faded altar of an unknown god.
  1066 | D:2      | Reached XP level 3. HP: 25/25 MP: 9/9
  1070 | D:2      | Learned a level 3 spell: Confusing Touch
  1112 | D:2      | Reached skill level 5 in Spellcasting
  1112 | D:2      | Slain by a worm

Illustrated notes

Levels and vault maps discovered:
D:1:      minmay_arrival_semitransparent, layout_basic,
          ebering_ecumenical_altar_webs
D:2:      layout_rooms

Skill      XL: |  1  2  3 |
---------------+----------+-----
Spellcasting   | 5 |  5.0
Fighting       | |  0.6
Short Blades   | |  2.5
Long Blades    | |  0.6
Axes           | |  0.6
Maces & Flails | |  0.6
Polearms       | |  0.6
Staves         | |  0.6
Slings         | |  0.6
Bows           | |  0.6
Crossbows      | |  0.6
Throwing       | |  0.6
Armour         | |  0.6
Dodging        | |  4.5
Stealth        | |  5.9
Shields        | |  0.6
Unarmed Combat | |  0.6
Conjurations   | |  0.4
Hexes          | |  5.4
Summonings     | |  0.4
Necromancy     | |  0.4
Translocations | |  0.4
Transmutations | |  0.4
Fire Magic     | |  0.4
Ice Magic      | |  0.4
Air Magic      | |  0.4
Earth Magic    | |  0.4
Poison Magic   | |  0.4
Invocations    | |  0.8
Evocations     | |  0.6

Action                   || total
-------------------------++-------
Melee: Dagger            ||    57
       Bite              ||     1
 Cast: Ensorcelled Hiber ||    15
       Corona            ||     3
  Use: Scroll            ||     1
 Stab: Sleeping          ||    17
Armor: Robe              ||    14
Dodge: Dodged            ||    34
